 Dungeon Crawl Stone Soup version 0.30.1-9-gdf580d7c3d (webtiles) character file.

Game seed: 10672555010573127403

306 lonewolfV2 the Scratcher (level 6, 0/25 HPs)
             Began as a Felid Transmuter on Sept 27, 2023.
             Slain by a human zombie (2 damage)
             ... in an ossuary on Sept 28, 2023.
             The game lasted 00:07:28 (4059 turns).

lonewolfV2 the Scratcher (Felid Transmuter)         Turns: 4059, Time: 00:07:29

Health: 0/25       AC:  2    Str: 10    XL:     6   Next: 16%
Magic:  6/12       EV: 21    Int: 17    God:
Gold:   210        SH:  5    Dex: 19    Spells: 7/11 levels left
                                        Lives:  0   Deaths: 1

rFire   + .          .
                       - Unarmed
rCold   . . .        (shield unavailable)
rNeg    . . .        (body armour unavailable)
rPois   x            (helmet unavailable)
rElec   .            (cloak unavailable)
rCorr   .            (gloves unavailable)
SInv    +            (boots unavailable)
Will    ++...        m - amulet of reflection
Stlth   ++           p - ring of False Pretenses {rF+ Will++ Str+4 Dex-2 SInv}
HPRegen 0.24/turn    (no ring)
MPRegen 0.13/turn

%: reflection
@: spider-form
A: venomous fangs, tiny, (claws 1), (fangs 3), see invisible, (speed 1), (shaggy
fur 2), (stealthy paws), no weapons or thrown items, no armour, multi-lived
a: End Transformation


You were in an ossuary.
You were a venomous arachnid creature.
You visited 1 branch of the dungeon, and saw 4 of its levels.
You also visited: Ossuary.

You collected 210 gold pieces.

Inventory:

Jewellery
 m - an amulet of reflection (around neck)
 p - the ring of False Pretenses (left front pincers) {rF+ Will++ Str+4 Dex-2 SInv}
   (You found it on level 3 of the Dungeon)

   [ring of protection from fire]

   Str:       It affects your strength (+4).
   Dex:       It affects your dexterity (-2).
   rF:        It protects you from fire.
   SInv:      It lets you see invisible.
   Will:      It greatly increases your willpower.
Wands
 d - a wand of polymorph (7)
Scrolls
 g - 2 scrolls of identify
Potions
 a - a potion of berserk rage {unknown}
 b - a potion of ambrosia {unknown}
 c - a potion of flight {unknown}
 e - a potion of brilliance {unknown}
 f - 2 potions of degeneration {unknown}
 h - 2 potions of might
 n - 3 potions of curing {unknown}


   Skills:
 + Level 1.1 Fighting
 + Level 3.9 Dodging
 + Level 2.4 Stealth
 + Level 4.3 Unarmed Combat
 + Level 3.3 Spellcasting
 + Level 3.8 Transmutations
 + Level 1.8 Poison Magic


You had 7 spell levels left.
You knew the following spells:

 Your Spells              Type           Power      Damage    Failure   Level
a - Beastly Appendage     Tmut           30%        N/A       12%         1
b - Spider Form           Tmut/Pois      12%        N/A       34%         3

Your spell library contained the following spells:

 Spells                   Type           Power      Damage    Failure   Level
 Wereblood                Tmut           15%        N/A       16%         2
 Ice Form                 Ice/Tmut       9%         N/A       80%         4


Dungeon Overview and Level Annotations

Branches:
Dungeon (4/15)            Ossuary (1/1)
 Temple: D:4-7

Altars:
Okawaru
Sif Muna
Uskayaw

Shops:
D:1 [


Innate Abilities, Weirdness & Mutations

You are a venomous arachnid creature.
You have venomous fangs.
You are tiny and dextrous.
Your spellcasting is less reliable in this form.
((You have sharp claws.))
((You have razor-sharp teeth.))
You have supernaturally acute eyesight. (SInv)
((You cover ground quickly. (Speed+)))
((You are covered in thick fur. (AC +2)))
((Your paws help you pounce on unaware monsters.))
You are incapable of wielding weapons or throwing items.
You cannot wear armour.
You gain extra lives every three experience levels.


Message History

The adder zombie bites you but does no damage.
The rat zombie completely misses you. The orc zombie hits you.
* * * LOW HITPOINT WARNING * * *
The orc zombie misses you. The goblin zombie barely misses you.
You bite the adder zombie!
The adder zombie is heavily damaged.
You block the adder zombie's attack. The rat zombie closely misses you.
You block the orc zombie's attack.
You hit the adder zombie.
The adder zombie is severely damaged.
The adder zombie bites you.
* * * LOW HITPOINT WARNING * * *
You block the orc zombie's attack. You block the goblin zombie's attack.
The rat zombie bites you.
* * * LOW HITPOINT WARNING * * *
You barely miss the adder zombie.
The adder zombie is severely damaged.
The adder zombie misses you. The orc zombie barely misses you.
The human zombie barely misses you.
The goblin zombie completely misses you.
The orc zombie misses you. The human zombie misses you.
You barely miss the adder zombie.
The adder zombie is severely damaged.
You block the adder zombie's attack. The rat zombie completely misses you.
The human zombie misses you. The orc zombie completely misses you.
The goblin zombie closely misses you. The orc zombie misses you.
You block the human zombie's attack.
Unknown command.
You hit the orc zombie.
The orc zombie is moderately damaged.
The adder zombie bites you.
* * * LOW HITPOINT WARNING * * *
The rat zombie barely misses you. The orc zombie completely misses you.
You hit the orc zombie.
The orc zombie is severely damaged.
The adder zombie barely misses you. The human zombie completely misses you.
The orc zombie barely misses you.
The goblin zombie completely misses you.
The human zombie hits you.
You die...

.................
.................
#...............
##...............
.................
.........Z.......
........ZZZ......
.......ZZs.......
........ZZZ......
...........Z.....
.................
.................
##...............
#...............
................


You could see an adder zombie, 2 rat zombies, a goblin zombie, 3 orc zombies and
3 human zombies.

Vanquished Creatures
  A scorpion (D:4)
  A hound (D:4)
  An orc priest (D:4)
  An orc wizard (D:4)
  Natasha (thrice) (D:3)
  A hound zombie (Ossuary)
  4 adders
  A worm (D:3)
  A dart slug (D:1)
  6 orcs
  3 endoplasms
  6 giant cockroaches
  7 goblins
  6 hobgoblins
  2 jackals (D:2)
  8 ball pythons
  7 bats
  6 frilled lizards
  A jackal zombie (Ossuary)
  7 kobolds
  3 rats
  A rat zombie (D:4)
77 creatures vanquished.

Notes
Turn   | Place    | Note
-------+----------+-------------------------------------------
     0 | D:1      | lonewolfV2 the Felid Transmuter began the quest for the
                  | Orb.
     0 | D:1      | Reached XP level 1. HP: 9/9 MP: 4/4
   240 | D:1      | Reached XP level 2. HP: 11/12 MP: 4/6
   299 | D:1      | Reached skill level 1 in Stealth
   361 | D:1      | Found Plog's Antique Armour Emporium.
   826 | D:2      | Reached XP level 3. HP: 15/15 MP: 5/7
   830 | D:2      | Learned a level 3 spell: Spider Form
  1654 | D:2      | Found an iron altar of Okawaru.
  1697 | D:2      | Reached XP level 4. HP: 16/19 MP: 5/8
  2097 | D:3      | Noticed Natasha
  2109 | D:3      | Killed from afar by Natasha
  2110 | D:3      | Reached XP level 3. HP: -6/15 MP: 3/7
  2204 | D:3      | Killed Natasha
  2279 | D:3      | Reached XP level 4. HP: 18/19 MP: 6/9
  2555 | D:3      | Found a faded altar of an unknown god.
  2612 | D:3      | Identified the ring of False Pretenses {rF+ Will++ Str+4
                  | Dex-2 SInv}
  2664 | D:3      | Found a hide-covered altar of Uskayaw.
  2803 | D:3      | Noticed Natasha
  2809 | D:3      | Killed Natasha
  3280 | D:3      | Noticed Natasha
  3287 | D:3      | Killed Natasha
  3288 | D:3      | Reached skill level 1 in Poison Magic
  3288 | D:3      | Reached XP level 5. HP: 16/22 MP: 3/10
  3491 | D:4      | Reached skill level 4 in Unarmed Combat
  3758 | D:4      | Found a shimmering blue altar of Sif Muna.
  3891 | D:4      | Gained mutation: You are covered in thick fur. (AC +2)
                  | [Felid growth]
  3891 | D:4      | Reached XP level 6. HP: 17/25 MP: 7/12
  4021 | D:4      | Found a sand-covered staircase.
  4041 | Ossuary  | Entered an ossuary
  4059 | Ossuary  | Slain by a human zombie

Illustrated notes

Levels and vault maps discovered:
D:1:      scummos_arrival_hexagon, layout_loops_ring, serial_shops, shop
D:2:      layout_loops_ring, basic_altar
D:3:      layout_basic, lemuel_coloured_pillars_altar,
          ebering_ecumenical_altar_sacrificial, uniq_natasha
D:4:      layout_basic, amcnicky_altar_gilded, enter_ossuary_4
Ossuary:  ossuary_minmay_tomb_2a

Skill      XL: |  1  2  3  4  5 |
---------------+----------------+-----
Dodging        | 3 |  3.9
Stealth        | 1 2 |  2.4
Transmutations | 3 |  3.8
Spellcasting   | 3 |  3.3
Poison Magic   | 1 |  1.8
Unarmed Combat | 4 |  4.3
Fighting       | |  1.1

Action                     |  1- 3 |  4- 6 || total
---------------------------+-------+-------++-------
  Melee: Unarmed           |   116 |    91 ||   207
         Bite              |     8 |     1 ||     9
         Headbutt          |     5 |     1 ||     6
         Punch             |     2 |       ||     2
   Cast: Beastly Appendage |    21 |     3 ||    24
         Spider Form       |    10 |    15 ||    25
    Use: Potion            |     1 |       ||     1
         Scroll            |       |     8 ||     8
   Stab: Sleeping          |     4 |     3 ||     7
 Armour: Skin              |    19 |    10 ||    29
  Dodge: Dodged            |   116 |   111 ||   227
  Block: Other             |       |    18 ||    18
